 Dungeon Crawl Stone Soup version bcrawl-1.38.1 (webtiles) character file.

Game seed: 1110543267987572398

311306 pheathergobbo575 the Spear-Bearer (level 9, -1/105 HPs)
             Began as a Minotaur Fighter on Apr 1, 2023.
             Slain by a bullfrog zombie (4 damage)
             ... on level 7 of the Dungeon.
             The game lasted 00:09:55 (5173 turns).

pheathergobbo575 the Spear-Bearer (MiFi)            Turns: 5173, Time: 00:09:56

Health: -1/105     AC: 24    Str: 25    XL:     9   Next: 17%
Magic:  8/8        EV:  1    Int:  5    God:
Gold:   350        SH:  0    Dex:  9    Spells: 8/8 levels left

rFire    . . .     GDR:     46% E - +0 glaive
rCold    . . .     SeeInvis .   (shield currently unavailable)
rNeg     + + +     Gourm    +   (armour currently unavailable)
rPois    +         Faith    .   (helmet currently unavailable)
rElec    .         Spirit   .   (cloak currently unavailable)
rCorr    .         Reflect  .   (gloves currently unavailable)
MR       .....     NoTele   +   (boots currently unavailable)
Stlth    +.........             q - amulet of the gourmand
HPRegen  0.27/turn              m - ring of flight
MPRegen  0.11/turn              (no ring)

@: tree-form
A: giant, (retaliatory headbutt)
a: no special abilities


You were on level 7 of the Dungeon.
You were not hungry.
You were a tree.
You visited 1 branch of the dungeon, and saw 7 of its levels.

You collected 441 gold pieces.
You spent 91 gold pieces at shops.

Inventory:

Hand Weapons
 s - a +0 scythe
 E - a +0 glaive (weapon)
 G - the cursed +1 war axe "Qyip" {chop, rElec rPois Int+2}
   (You found it on level 7 of the Dungeon)

   It will always inflict at least some extra damage.
   This minimum extra damage increases with your current reserve of magical
   power.
   It affects your intelligence (+2).
   It insulates you from electricity.
   It protects you from poison.
   It has a curse placed upon it.
Armour
 b - a +0 scale mail (melded)
 v - a +0 cloak (melded)
 y - a +0 hat (melded)
 B - the cursed +0 pair of gloves of the Elven Halls (melded) {Dex+5}
   (You found it on level 4 of the Dungeon)

   It affects your dexterity (+5).
   It has a curse placed upon it.
 D - a +2 pair of boots (melded)
Jewellery
 m - a ring of flight (left branch)
 q - an amulet of the gourmand (around neck)
Wands
 u - a wand of flame (46)
 A - a wand of random effects (10)
 C - a wand of disintegration (23)
 F - a wand of acid (6)
Scrolls
 c - a scroll of fog {unknown}
 f - 6 scrolls of remove curse
 g - 5 scrolls of blinking {unknown}
 i - 8 scrolls of identify
 k - 4 scrolls of enchant weapon {unknown}
 l - 2 scrolls of fear {unknown}
 p - 4 scrolls of teleportation {unknown}
 t - 6 scrolls of magic mapping {unknown}
 w - a scroll of immolation {unknown}
 z - a scroll of amnesia {unknown}
Potions
 a - a potion of agility {unknown}
 d - a potion of might
 e - 2 potions of lignification
 h - a potion of heal wounds {unknown}
 j - 3 potions of curing
 n - 2 potions of degeneration
 r - 3 potions of haste
 x - a potion of berserk rage {unknown}
Comestibles
 o - 11 rations {!d}
 H - 3 chunks of flesh


   Skills:
 - Level 3.6 Fighting
 + Level 14.1 Polearms
 - Level 3.6 Armour
   Level 3.6 Shields


You had 8 spell levels left.
You didn't know any spells.
Your spell library contained the following spells:

 Spells                   Type           Power        Failure   Level  Hunger
 Apportation              Tloc           #.....       47%         1    None
 Blink Other              Tloc           #.....       47%         1    None
 Corona                   Hex            #......      47%         1    None
 Infusion                 Chrm           #.......     47%         1    None
 Magic Dart               Conj           #...         47%         1    None
 Necrotize                Necr           #.....       47%         1    None
 Sandblast                Erth           #.....       47%         1    None
 Slow                     Hex            #.......     47%         1    None
 Summon Butterflies       Summ           #.......     47%         1    None
 Blink                    Tloc           N/A          63%         2    ####...
 Call Imp                 Summ           #.....       63%         2    ####...
 Conjure Flame            Conj/Fire      #.......     85%         3    #####..
 Mephitic Cloud           Conj/Pois/Air  #.......     85%         3    #####..
 Portal Projectile        Tloc           #.....       85%         3    #####..
 Recall                   Summ/Tloc      N/A          85%         3    #####..
 Spider Form              Tmut/Pois      #..          85%         3    #####..
 Vampiric Draining        Necr           #.........   85%         3    #####..
 Agony                    Necr           #.......     99%         4    ######.
 Animate Dead             Necr           N/A          99%         4    ######.
 Dispel Undead            Necr           #.......     100%        5    #######
 Passage of Golubria      Tloc           N/A          100%        5    #######
 Summon Forest            Summ/Tloc      #.........   100%        5    #######


Dungeon Overview and Level Annotations

Branches:
Dungeon (7/12)
 Temple: D:4-7         Lair: D:7-9

Altars:
Cheibriados
Dithmenos
Elyvilon
Fedhas
Okawaru
Ru
Uskayaw
Vehumet
Wu Jian
Xom
The Shining One

Shops:
D:4 (


Innate Abilities, Weirdness & Mutations

((You reflexively headbutt those who attack you in melee.))
((You have a pair of horns on your head.))


Message History

The troll claws you.
* * * LOW HITPOINT WARNING * * *
Eat one of 4 chunks of flesh? (ye/n/q)
You eat one of the 4 chunks of flesh.
This raw flesh tastes great.
The bullfrog zombie barely misses you. You furiously retaliate!
You headbutt the bullfrog zombie. The troll bites you!
* * * LOW HITPOINT WARNING * * *
The troll claws you.
* * * LOW HITPOINT WARNING * * *
The troll claws you but does no damage. The bullfrog zombie hits you.
* * * LOW HITPOINT WARNING * * *
Okay, then.
Really quaff the potion of lignification?
You turn into a tree.
Your +0 cloak melds into your body.
Your +0 hat melds into your body.
The cursed +0 pair of gloves of the Elven Halls {Dex+5} melds into your body.
Your +2 pair of boots melds into your body.
Your +0 scale mail melds into your body.
Your roots penetrate the ground.
The bullfrog zombie hits you.
You die...

.....## #........# .
.........## ##..
..........# .....
..........###.....
...>....#........≈≈
........<.....#..≈≈≈
##..##..............≈≈
##.####.♣...#......≈..≈
#...##..ZT..#........≈≈
##..##......#......≈≈≈.
#....................≈
#..................≈..
#....................≈
##..#.............?...≈
####...)..<......##....;≈≈
#......#).......## .......


You could see a troll and a bullfrog zombie.

Vanquished Creatures
  Sigmund (D:3)
  A water moccasin (D:7)
  2 orc warriors (D:6)
  2 ogres
  2 phantoms
  2 bullfrogs (D:6)
  A wyvern zombie (D:6)
  2 centaurs
  2 scorpions
  6 wights (D:6)
  4 crimson imps (D:4)
  A quasit (D:5)
  A hound (D:4)
  4 jellies
  4 orc wizards
  4 worker ants
  A hound skeleton (D:4)
  A hound zombie (D:5)
  A worker ant zombie (D:5)
  3 gnolls (D:7)
  8 adders
  2 oozes (D:4)
  An adder zombie (D:6)
  2 worms
  13 dart slugs
  6 leopard geckos
  24 orcs
  2 ball pythons
  6 bats
  6 goblins
  9 hobgoblins
  9 jackals
  9 kobolds
  2 quokkas
  4 giant cockroaches
  A quokka skeleton (D:4)
  9 rats
158 creatures vanquished.

Notes
Turn   | Place    | Note
-------+----------+-------------------------------------------
     0 | D:1      | pheathergobbo575 the Minotaur Fighter began the quest for
                  | the Orb.
     0 | D:1      | Reached XP level 1. HP: 19/19 MP: 0/0
    99 | D:1      | Reached skill level 3 in Polearms
   108 | D:1      | Reached XP level 2. HP: 26/26 MP: 1/1
   235 | D:1      | Reached skill level 4 in Polearms
   414 | D:1      | Reached XP level 3. HP: 19/31 MP: 2/2
   876 | D:2      | Found an ornate altar of the Wu Jian Council.
   925 | D:2      | Reached skill level 5 in Polearms
  1072 | D:2      | Reached XP level 4. HP: 39/39 MP: 3/3
  1255 | D:3      | Found a shadowy altar of Dithmenos.
  1401 | D:3      | Reached skill level 6 in Polearms
  1401 | D:3      | Reached XP level 5. HP: 41/45 MP: 4/4
  1410 | D:3      | Noticed Sigmund
  1703 | D:3      | Reached skill level 7 in Polearms
  1983 | D:3      | Reached XP level 6. HP: 28/51 MP: 5/5
  2149 | D:3      | Killed Sigmund
  2150 | D:3      | Reached skill level 8 in Polearms
  2402 | D:4      | Reached skill level 9 in Polearms
  2409 | D:4      | Reached XP level 7. HP: 51/57 MP: 6/6
  2489 | D:4      | Reached skill level 10 in Polearms
  2679 | D:4      | Got a pair of ichor-stained gloves
  2692 | D:4      | Found a shadowy altar of Dithmenos.
  2697 | D:4      | Found a glowing golden altar of the Shining One.
  2702 | D:4      | Found a snail-covered altar of Cheibriados.
  2705 | D:4      | Found a white marble altar of Elyvilon.
  2706 | D:4      | Found an iron altar of Okawaru.
  2706 | D:4      | Found a hide-covered altar of Uskayaw.
  2706 | D:4      | Found a sacrificial altar of Ru.
  2708 | D:4      | Found a shimmering altar of Xom.
  2709 | D:4      | Found a radiant altar of Vehumet.
  2710 | D:4      | Found a blossoming altar of Fedhas.
  2779 | D:4      | Got an ichor-stained mace
  3095 | D:4      | Found Ipaonygo's Weapon Boutique.
  3099 | D:4      | Bought a +0 glaive for 91 gold pieces
  3113 | D:4      | Identified the cursed +0 pair of gloves of the Elven Halls
                  | {Dex+5} (You found it on level 4 of the Dungeon)
  3295 | D:5      | Entered Level 5 of the Dungeon
  3295 | D:5      | Found a blossoming altar of Fedhas.
  3384 | D:5      | Found a shimmering altar of Xom.
  3597 | D:5      | Reached skill level 11 in Polearms
  3597 | D:5      | Reached XP level 8. HP: 56/64 MP: 7/7
  4334 | D:6      | Reached skill level 12 in Polearms
  4605 | D:6      | Reached skill level 13 in Polearms
  4742 | D:6      | Reached XP level 9. HP: 70/70 MP: 8/8
  5083 | D:7      | Reached skill level 14 in Polearms
  5089 | D:7      | Got a crude war axe
  5097 | D:7      | Identified the cursed +1 war axe "Qyip" {chop, rElec rPois
                  | Int+2} (You found it on level 7 of the Dungeon)
  5138 | D:7      | Identified Sif Muna's Collected Works on Dislocation
  5154 | D:7      | Noticed a troll
  5171 | D:7      | HP: 3/70 [troll (5)]
  5171 | D:7      | HP: 1/70 [bullfrog zombie (2)]
  5173 | D:7      | Slain by a bullfrog zombie

Skill      XL: |  1  2  3  4  5  6  7  8  9 |
---------------+----------------------------+-----
Polearms       | 3 4 5 6 7 9 11 13 14 | 14.1
Fighting       | |  3.6
Armour         | |  3.6
Shields        | |  3.6

Action                   |  1- 3 |  4- 6 |  7- 9 || total
-------------------------+-------+-------+-------++-------
Melee: Trident           |   138 |   170 |    60 ||   368
       Headbutt          |    14 |    21 |    23 ||    58
       Glaive            |       |       |   137 ||   137
  Use: Scroll            |     1 |       |     5 ||     6
       Potion            |       |       |     1 ||     1
  Eat: Chunk             |     5 |    14 |    15 ||    34
Armor: Scale mail        |    53 |    62 |    81 ||   196
Dodge: Dodged            |    19 |    27 |    46 ||    92
Block: Medium shield     |    66 |    65 |    22 ||   153
